 Dungeon Crawl Stone Soup version 0.25-a0-547-g27a0b5d (webtiles) character file.

Game seed: 16668991609921004943, levelgen mode: deterministic

12 wolfsongas the Grave Robber (level 2, -6/19 HPs)
             Began as a Demonspawn Necromancer on Feb 22, 2020.
             Mangled by a gnoll (7 damage)
             ... on level 1 of the Dungeon.
             The game lasted 00:02:13 (989 turns).

wolfsongas the Grave Robber (Demonspawn Necromancer) Turns: 989, Time: 00:02:13

Health: -6/19      AC:  3    Str:  8    XL:     2   Next: 20%
Magic:  0/5        EV: 12    Int: 16    God:
Gold:   70         SH:  0    Dex: 13    Spells: 3/5 levels left

rFire    . . .     SeeInvis .   g - +1 dagger
rCold    . . .     Gourm    .   (no shield)
rNeg     + . .     Faith    .   a - +1 robe
rPois    .         Spirit   .   (no helmet)
rElec    .         Reflect  .   (no cloak)
rCorr    .         Harm     .   (no gloves)
MR       .....                  (no boots)
Stlth    +++.......             (no amulet)
HPRegen  0.06/turn              h - ring of positive energy
MPRegen  0.09/turn              (no ring)

@: flying, hasted, very quick
A: nightstalker 1
a: no special abilities


You were on level 1 of the Dungeon.
You were not hungry.

You visited 1 branch of the dungeon, and saw 2 of its levels.

You collected 70 gold pieces.

Inventory:

Hand Weapons
 g - a +1 dagger (weapon)
Armour
 a - a +1 robe (worn)
Jewellery
 h - a ring of positive energy (left hand)
Scrolls
 e - 2 scrolls of enchant armour
Potions
 d - a potion of brilliance {unknown}
 f - a potion of curing {unknown}
 j - a potion of lignification {unknown}
Comestibles
 c - 5 rations
 i - a chunk of flesh


   Skills:
 - Level 1.7 Dodging
 + Level 2.1 Stealth
 + Level 2.2 Spellcasting
 + Level 4.6 Necromancy


You had 3 spell levels left.
You knew the following spells:

 Your Spells              Type           Power        Failure   Level  Hunger
a - Pain                  Necr           ###.         3%          1    #......
b - Animate Skeleton      Necr           N/A          3%          1    #......

Your spell library contained the following spells:

 Spells                   Type           Power        Failure   Level  Hunger
 Vampiric Draining        Necr           ###.......   9%          3    ###....
 Animate Dead             Necr           N/A          30%         4    #####..
 Agony                    Necr           ###.....     63%         5    ######.


Dungeon Overview and Level Annotations

Branches:
Dungeon (2/15)

Altars:


Innate Abilities, Weirdness & Mutations

You are slightly more attuned to the shadows.


Message History

Casting: Pain (safe; 3% risk of failure)
Confirm with . or Enter, or press ? or * to list all spells.
Aiming: Pain (safe; 3% risk of failure)
Press: ? - help, Shift-Dir - straight line, f/p - gnoll
Aim: a gnoll (severely wounded, chance to defeat MR: 81%)
The gnoll barely resists.
The gnoll hits you.
A quokka comes into view.
The giant cockroach misses you. The gnoll closely misses you.
The giant cockroach bites you.
The gnoll hits you from afar with a +0 spear!
* * * LOW HITPOINT WARNING * * *
You climb upwards.
There is a stone staircase leading down here.
It was a potion of flight.
You feel very buoyant.
You fly up into the air.
The gnoll hits you.
* * * LOW HITPOINT WARNING * * *
The giant cockroach closely misses you.
It was a potion of haste.
You feel yourself speed up. The gnoll hits you!
You die...

###################
#............##...##
#.##########.#.###.# #.#
#.#.# #.. ###########
##.##########.#.###.#
..........#
#.............#.#..##
.########.#
#..##########.#.#..# .#
#####.###..### #.#.#..## .#
#..........s@# ####.####. .#
#.###.###..#g#######......[#[
.# ##.# #.#
#..#.......##.###.### .# #..#
#.# #..#########...##.#.# .#
#.## #.# #..# #).##.###.#.#
.# #.# #.# #..# #.###.# #.#.#
.# #.# #.# #..## #.# #.#
#.#.# .###.####.# #...#
#.###.###.#.#
.......)..####..#
#...........#


You could see a gnoll and a giant cockroach.

Vanquished Creatures
  2 giant cockroaches (D:1)
  A goblin (D:1)
  2 hobgoblins (D:1)
  A kobold (D:1)
  A ball python (D:1)
  A bat (D:1)
  A frilled lizard (D:1)
  3 rats (D:1)
12 creatures vanquished.

Notes
Turn   | Place    | Note
-------+----------+-------------------------------------------
     0 | D:1      | wolfsongas the Demonspawn Necromancer began the quest for
                  | the Orb.
     0 | D:1      | Reached XP level 1. HP: 13/13 MP: 3/3
   283 | D:1      | Learned a level 1 spell: Animate Skeleton
   589 | D:1      | Gained mutation: You are slightly more attuned to the
                  | shadows. [demonic ancestry]
   589 | D:1      | Reached XP level 2. HP: 18/19 MP: 1/5
   989 | D:1      | Mangled by a gnoll

Levels and vault maps discovered:
D:1:      onia_arrival_larder, layout_loops_ring, grunt_decor_fettered
D:2:      layout_basic

Skill      XL: |  1 |
---------------+----+-----
Stealth        | 2 |  2.1
Dodging        | |  1.7
Spellcasting   | |  2.2
Necromancy     | |  4.6

Action                   || total
-------------------------++-------
 Cast: Pain              ||    26
  Use: Scroll            ||     4
       Potion            ||     2
Armor: Robe              ||     2
Dodge: Dodged            ||     6

Table legend:
 A = Non-vault XP
 B = Vault XP
 C = Vault XP percentage of total XP
 D = Non-vault monster count
 E = Vault monster count
 F = Vault count percentage of total count
                 A         B        C        D         E       F
            +---------+---------+-------+---------+---------+-------
      Total |      14 |       4 |  22.2 |       9 |       3 |  25.0
            +---------+---------+-------+---------+---------+-------
        D:1 |      14 |       4 |  22.2 |       9 |       3 |  25.0
            +---------+---------+-------+---------+---------+-------
